Get step-by-step instructions on how to execute this build order below. Start the game timer, and the build order will tick by so you can play in parallel with StarCraft on a second screen or mobile device.

Game Time

  0:00

Last Step

  N/A

Next Step

Upcoming Step



Don't want to look back and forth between 2 screens? Try out our Overwolf App, the Spawning Tool Build Advisor to get an in-game overlay with this build!

Complete Build Order

  12  0:00  SCV  
  13  0:12  SCV  
  14  0:16  Supply Depot  
  14  0:24  SCV  
  15  0:38  SCV  
  15  0:39  Barracks  
  15  0:42  Refinery  
  16  0:50  SCV  
  17  1:02  SCV  
  18  1:14  SCV  
  19  1:26  Orbital Command, Reaper  
  20  1:37  Command Center  
  20  1:47  Supply Depot  
  20  1:52  SCV  
  21  1:58  Marine  
  22  2:04  SCV  
  22  2:07  Factory  
  23  2:15  Bunker  
  23  2:16  SCV, Marine  
  23  2:20  Refinery  
  25  2:28  SCV  
  26  2:35  Barracks Reactor  
  26  2:40  SCV  
  27  2:49  Orbital Command  
  29  2:51  Widow Mine  
  28  2:59  SCV, Starport  
  29  3:11  SCV, Marine x2  
  34  3:13  Widow Mine  
  34  3:15  Supply Depot, SCV  
  35  3:23  SCV  
  36  3:27  SCV  
  36  3:28  Marine x2  
  39  3:34  Barracks  
  39  3:36  Medivac  
  39  3:37  Widow Mine  
  39  3:41  SCV  
  44  3:42  SCV  
  44  3:47  Marine, Supply Depot  
  46  3:49  Marine  
  46  3:53  SCV  
  46  3:55  SCV  
  49  4:00  Factory Tech Lab  
  49  4:02  Supply Depot  
  49  4:05  SCV, Marine  
  49  4:07  Starport Tech Lab, Marine, SCV  
  53  4:17  SCV  
  53  4:19  Barracks, SCV  
  53  4:21  Siege Tank  
  58  4:25  Supply Depot  
  58  4:28  Raven  
  60  4:31  SCV x2  
  60  4:34  Marine x2  
  64  4:38  Refinery  
  64  4:42  Supply Depot  
  64  4:44  Engineering Bay  
  64  4:46  SCV  
  64  4:49  SCV  
  64  4:52  Marine x2  
  68  4:57  Supply Depot, Refinery  
  68  4:58  SCV  
  69  5:02  Factory Reactor  
  69  5:03  Marauder  
  69  5:05  Stimpack  
  71  5:08  SCV  
  71  5:12  SCV  
  71  5:13  Terran Infantry Weapons Level 1, Marine  
  71  5:14  Marine  
  75  5:18  Marauder  
  75  5:21  SCV  
  78  5:24  Marauder, SCV  
  81  5:28  Supply Depot  
  81  5:29  Combat Shield  
  81  5:33  Marine x2  
  83  5:36  Medivac  
  83  5:40  Widow Mine  
  83  5:41  Widow Mine  
  89  5:43  Supply Depot  
  89  5:44  Marauder  
  89  5:46  SCV x2  
  93  5:50  Marauder  
  93  5:53  Marine x2  
  93  5:56  Armory  
  97  6:06  Marauder  
  99  6:14  Marine x2  
  99  6:15  Marauder  
  99  6:16  Factory Reactor  
  103  6:18  Command Center  
  103  6:19  Supply Depot  
  103  6:21  Medivac  
  105  6:26  Medivac  
  105  6:27  Marauder  
  105  6:32  Supply Depot, Marine  
  110  6:41  Marauder, Marine  
  110  6:42  SCV  
  110  6:43  SCV  
  115  6:48  Barracks  
  115  6:50  Barracks  
  115  6:51  Marauder  
  119  7:03  Marine x2  
  122  7:10  SCV  
  116  7:17  Supply Depot